 Dungeon Crawl Stone Soup version 0.29.1-15-g9cfb28693d (webtiles) character file.

Game seed: 17996640212760891860

8568 Mysteryquy the Severer (level 11, -2/156 HPs)
             Began as a Minotaur Berserker on May 2, 2023.
             Was an Elder of Trog.
             Slain by a basilisk (14 damage)
             ... on level 1 of the Lair of Beasts.
             The game lasted 00:17:17 (9561 turns).

Mysteryquy the Severer (Minotaur Berserker)         Turns: 9561, Time: 00:17:18

Health: -2/156     AC: 19    Str: 27    XL:     11   Next: 11%
Magic:  10/10      EV:  7    Int:  4    God:    Trog [****..]
Gold:   448        SH:  0    Dex:  9    Spells: 10/10 levels left

rFire   . . .      SeeInvis .   K - +1 battleaxe (elec)
rCold   . . .      Faith    .   (shield currently unavailable)
rNeg    . . .      Spirit   .   k - +1 plate armour
rPois   .          Reflect  .   (helmet restricted)
rElec   .          Harm     .   i - +0 cloak
rCorr   .          Rampage  .   F - +0 pair of gloves
Will    .....                   D - +0 pair of boots
Stlth   ..........              (no amulet)
HPRegen 0.36/turn               u - +4 ring of protection
MPRegen 0.12/turn               (no ring)

@: berserking, lethally poisoned (-2 -> -34), very quick
A: horns 2, retaliatory headbutt
a: Renounce Religion, Berserk, Trog's Hand, Brothers in Arms


You were on level 1 of the Lair of Beasts.
You worshipped Trog.
Trog was greatly pleased with you.
You visited 2 branches of the dungeon, and saw 9 of its levels.

You collected 448 gold pieces.

Inventory:

Hand Weapons
 a - a +0 hand axe
 v - a +0 hand axe of flaming
 K - a +1 battleaxe of electrocution (weapon)
Missiles
 w - 3 throwing nets (quivered)
 y - 4 poisoned darts
 E - 2 curare-tipped darts
Armour
 f - a +0 scale mail
 i - a +0 cloak (worn)
 k - a +1 plate armour (worn)
 B - a +0 buckler
 D - a +0 pair of boots (worn)
 F - a +0 pair of gloves (worn)
 J - an orb of wrath
Jewellery
 h - a ring of ice
 u - a +4 ring of protection (left hand)
 G - a ring of see invisible
 H - a ring of resist corrosion
Wands
 p - a wand of charming (10)
 z - a wand of light (9)
Scrolls
 b - a scroll of summoning {unknown}
 c - 3 scrolls of fear
 j - a scroll of identify
 n - 3 scrolls of noise
 r - 4 scrolls of enchant armour
 s - a scroll of teleportation
Potions
 d - 2 potions of might
 e - 2 potions of invisibility
 g - 2 potions of berserk rage
 l - 5 potions of curing
 m - a potion of magic
 o - 2 potions of heal wounds
 q - a potion of cancellation
 t - a potion of attraction
 x - 3 potions of lignification
 A - a potion of degeneration {unknown}
 C - a potion of flight


   Skills:
 + Level 12.2 Fighting
 + Level 16.2 Axes
 - Level 2.4 Armour
 - Level 2.2 Dodging
 + Level 4.7 Shields


You had 10 spell levels left.
You didn't know any spells.
Your spell library was empty.

Dungeon Overview and Level Annotations

Branches:
Dungeon (8/15)             Temple (0/1) D:5            Lair (1/5) D:8

Altars:
Fedhas
Hepliaklqana
Nemelex Xobeh
Ru
Wu Jian


Innate Abilities, Weirdness & Mutations

You have a pair of horns on your head.
You reflexively headbutt those who attack you in melee.


Message History

You hit the cane toad.
You feel very sick. The cane toad completely misses you.
The cane toad stings you but does no damage.
You closely miss the cane toad.
The cane toad is almost dead.
You barely miss the cane toad.
You feel very sick. The cane toad stings you!
You are more poisoned.
The cane toad poisons you! The cane toad barely misses you.
A red film seems to cover your vision as you go berserk!
You feel yourself moving faster!
You feel mighty!
You feel extremely sick. The cane toad stings you! x2
* * * LOW HITPOINT WARNING * * *
The cane toad stings you but does no damage.
You slash the cane toad!
The cane toad is moderately wounded.
You slice the cane toad!!
You kill the cane toad!
Trog accepts your kill.
You feel very sick. The cane toad stings you!
* * * LOW HITPOINT WARNING * * *
You are lethally poisoned!
The cane toad poisons you!
You slash the cane toad!
Lightning courses through the cane toad!
You feel the power of Trog in you as your rage grows.
You kill the cane toad!
Trog accepts your kill.
* * * LOW HITPOINT WARNING * * *
You feel extremely sick.
Okay, then.
You are too berserk!
* * * LOW HITPOINT WARNING * * *
You feel extremely sick. The basilisk bites you!
You die...

....................##
#....................#..
#...................##..
........................
........)...............
...................#.###
..................####
..................#
......l@.........##
.......†.........##
..../.............#
...............#.##
...........###.#.#
........#### ###.#
##..##### #..# ##. ####
#


You could see a basilisk.

Vanquished Creatures
  Fannar (Lair:1)
  Sonja (Lair:1)
  2 cane toads (Lair:1)
  Maggie (D:6)
  A rime drake (Lair:1)
  2 hornets
  Prince Ribbit (D:6)
  A wyvern (Lair:1)
  4 yaks (Lair:1)
  Sigmund (D:3)
  A basilisk (Lair:1)
  Menkaure (D:6)
  4 steam dragons
  3 water moccasins
  3 orc warriors
  2 ice beasts
  A sky beast (D:7)
  A black bear (D:5)
  An ogre (D:5)
  The ghost of Athtar the Ruffian, an amateur DrTm (D:3)
  3 centaurs
  A kobold brigand (D:6)
  2 phantoms
  11 bullfrogs
  2 necrophages
  5 wights (D:8)
  4 scorpions
  2 howler monkeys (D:7)
  3 jellies
  5 hounds
  5 orc priests
  A gnoll bouda (D:4)
  6 iguanas
  Natasha (thrice) (D:2)
  An orc wizard (D:6)
  Robin (D:4)
  12 adders
  17 gnolls
  A shadow imp (D:7)
  A white imp (D:6)
  An ufetubus (D:4)
  A worm (D:3)
  3 dart slugs
  20 orcs
  4 ball pythons
  13 endoplasms
  6 giant cockroaches
  13 goblins
  8 hobgoblins
  10 jackals
  2 quokkas
  7 bats
  4 frilled lizards
  7 kobolds
  7 rats
225 creatures vanquished.

Vanquished Creatures (others)
  9 fungi
  18 plants
27 creatures vanquished.

Grand Total: 252 creatures vanquished

Notes
Turn   | Place    | Note
-------+----------+-------------------------------------------
     0 | D:1      | Mysteryquy the Minotaur Berserker began the quest for the
                  | Orb.
     0 | D:1      | Reached XP level 1. HP: 19/19 MP: 0/0
   207 | D:1      | Reached skill level 4 in Axes
   207 | D:1      | Reached XP level 2. HP: 14/27 MP: 1/1
   512 | D:1      | Found a faded altar of an unknown god.
  1215 | D:2      | Reached XP level 3. HP: 33/33 MP: 2/2
  1259 | D:2      | Reached ** piety under Trog
  1455 | D:2      | Reached skill level 5 in Axes
  1521 | D:2      | Noticed Natasha
  1530 | D:2      | Killed Natasha
  1531 | D:2      | Reached XP level 4. HP: 34/41 MP: 3/3
  1549 | D:2      | Noticed Natasha
  1553 | D:2      | Killed Natasha
  1728 | D:2      | Noticed Natasha
  1735 | D:2      | Killed Natasha
  1736 | D:2      | Reached skill level 6 in Axes
  2122 | D:3      | Reached XP level 5. HP: 46/47 MP: 4/4
  2190 | D:3      | Noticed Athtar's ghost (amateur DrTm)
  2202 | D:3      | Found a runed translucent gate.
  2202 | D:3      | Found a runed translucent gate.
  2347 | D:3      | Noticed Sigmund
  2359 | D:3      | Killed Sigmund
  2360 | D:3      | Reached skill level 5 in Fighting
  2360 | D:3      | Reached skill level 7 in Axes
  2360 | D:3      | Reached XP level 6. HP: 56/56 MP: 5/5
  2621 | D:3      | Found a runed translucent gate.
  2695 | D:3      | Found a blossoming altar of Fedhas.
  3115 | D:3      | Killed Athtar's ghost
  3116 | D:3      | Reached skill level 8 in Axes
  3168 | D:4      | Reached XP level 7. HP: 61/61 MP: 6/6
  3210 | D:4      | Reached skill level 9 in Axes
  3377 | D:4      | Reached *** piety under Trog
  3478 | D:4      | Identified the +7 short sword of Gozag's Anger {spect,
                  | Int+2}
  3533 | D:4      | Found a sacrificial altar of Ru.
  3798 | D:4      | Noticed Robin
  3805 | D:4      | Killed Robin
  3807 | D:4      | Found a faded altar of an unknown god.
  3807 | D:4      | Found a sparkling altar of Nemelex Xobeh.
  3815 | D:4      | Reached skill level 10 in Axes
  4035 | D:4      | Found an ornate altar of the Wu Jian Council.
  4037 | D:4      | Found a faded altar of an unknown god.
  4039 | D:4      | Found a hazy altar of Hepliaklqana.
  4148 | D:5      | Entered Level 5 of the Dungeon
  4214 | D:5      | Reached XP level 8. HP: 62/70 MP: 7/7
  4605 | D:5      | Reached skill level 11 in Axes
  5277 | D:5      | Reached skill level 12 in Axes
  5669 | D:5      | Found a staircase to the Ecumenical Temple.
  5816 | D:6      | Reached skill level 1 in Shields
  5816 | D:6      | Reached XP level 9. HP: 71/81 MP: 8/8
  5881 | D:6      | Noticed Menkaure
  5895 | D:6      | Killed Menkaure
  6025 | D:6      | Reached **** piety under Trog
  6136 | D:6      | Reached skill level 13 in Axes
  6402 | D:6      | Noticed Prince Ribbit
  6410 | D:6      | Killed Prince Ribbit
  6591 | D:6      | Noticed Maggie
  6609 | D:6      | Killed Maggie
  6908 | D:7      | Reached skill level 14 in Axes
  6943 | D:7      | Paralysed by a hornet for 3 turns
  7241 | D:7      | Reached skill level 10 in Fighting
  7241 | D:7      | Reached XP level 10. HP: 91/93 MP: 9/9
  7358 | D:7      | Identified the +12 quarterstaff of Fayviulu {speed, rPois}
  8295 | D:8      | Reached skill level 15 in Axes
  8473 | D:8      | Found a staircase to the Lair.
  8627 | Lair:1   | Entered Level 1 of the Lair of Beasts
  8712 | Lair:1   | Noticed Fannar
  8722 | Lair:1   | Killed Fannar
  8843 | Lair:1   | Noticed a four-headed hydra
  9031 | Lair:1   | Noticed Sonja
  9044 | Lair:1   | Killed Sonja
  9291 | Lair:1   | Reached skill level 16 in Axes
  9291 | Lair:1   | Reached XP level 11. HP: 97/104 MP: 10/10
  9561 | Lair:1   | Slain by a basilisk

Illustrated notes

Levels and vault maps discovered:
D:1:      dpeg_arrival_renting, layout_basic, shapermc_ecumenical_altar_petra
D:2:      layout_loops_cross, uniq_natasha
D:3:      layout_loops_ring, mainiacjoe_overflow_cross_hatched,
          gammafunk_ghost_split, chequers_serial_rivers_large_b, dk_vineyard_2,
          minmay_circle_x, uniq_sigmund
D:4:      layout_rooms, chequers_temple_overflow_minitemple,
          mainiacjoe_overflow_24_doors, uniq_robin
D:5:      layout_loops_ring, minmay_temple_entry_fiery, minmay_crossroads
D:6:      layout_loops_ring, uniq_menkaure, uniq_prince_ribbit1, uniq_maggie
D:7:      layout_gridville, st_stairs_12
D:8:      layout_gridville, grunt_lair_entry_orc_guard_hut
Lair:1:   layout_layer_cave, serial_bayou_shore_b, uniq_fannar, uniq_sonja

Skill      XL: |  1  2  3  4  5  6  7  8  9 10 |
---------------+-------------------------------+-----
Axes           | 4 5 6 7 8 10 12 14 16 | 16.2
Fighting       | 4 5 6 7 10 12 | 12.2
Shields        | 1 2 4 |  4.7
Armour         | |  2.4
Dodging        | |  2.2

Action                   |  1- 3 |  4- 6 |  7- 9 | 10-12 || total
-------------------------+-------+-------+-------+-------++-------
Melee: Hand axe          |    99 |    87 |   304 |    85 ||   575
       Headbutt          |    14 |    14 |    52 |    23 ||   103
       Punch             |       |       |     1 |       ||     1
       Battleaxe         |       |       |       |    57 ||    57
Invok: Berserk           |       |     3 |     6 |     4 ||    13
       Trog's Hand       |       |     1 |     3 |       ||     4
  Use: Scroll            |       |       |       |    20 ||    20
Armor: Animal skin       |     8 |       |       |       ||     8
       Scale mail        |    31 |    37 |    83 |       ||   151
       Plate armour      |       |       |    21 |    62 ||    83
Dodge: Dodged            |    35 |    37 |    98 |    37 ||   207
Block: Buckler           |       |       |    22 |    17 ||    39
